 Dungeon Crawl Stone Soup version 0.22-b1-26-g9dbaab1 (webtiles) character file.

1642 Lew the Skirmisher (level 8, -2/96 HPs)
             Began as a Demonspawn Fighter on Aug 8, 2018.
             Was a Follower of Dithmenos.
             Slain by a five-headed hydra skeleton (7 damage)
             ... animated by the malice of Kikubaaqudgha
             ... on level 5 of the Dungeon.
             The game lasted 00:22:58 (6479 turns).

Lew the Skirmisher (Demonspawn Fighter)             Turns: 6479, Time: 00:22:59

Health: -2/96      AC: 24    Str: 18    XL:     8   Next: 67%
Magic:  8/8        EV:  2    Int:  9    God:    Dithmenos [*.....]
Gold:   212        SH: 10    Dex: 14    Spells: 7/7 levels left

rFire    . . .     SeeInvis .   a - +0 war axe
rCold    . . .     Gourm    .   c - +1 shield
rNeg     + + +     Faith    +   (armour currently unavailable)
rPois    +         Spirit   .   (helmet currently unavailable)
rElec    .         Reflect  .   (cloak currently unavailable)
rCorr    .         Harm     .   (gloves currently unavailable)
MR       +....     NoTele   +   (boots currently unavailable)
Stlth    +.........             o - amulet of faith
HPRegen  0.26/turn              g - ring of poison resistance
MPRegen  0.11/turn              h - ring of protection from magic

@: tree-form, wreathed by umbra
A: foul stench 2, rot immunity
a: Renounce Religion


You were on level 5 of the Dungeon.
You worshipped Dithmenos.
Dithmenos was aware of your devotion.
You were not hungry.
You were a tree.
You visited 2 branches of the dungeon, and saw 6 of its levels.

You collected 212 gold pieces.

Inventory:

Hand Weapons
 a - a +0 war axe (weapon)
 d - a +3 quarterstaff of chaos
Armour
 c - a +1 shield (worn)
 m - a +0 cloak (melded)
 n - a +0 plate armour (melded)
Jewellery
 g - a ring of poison resistance (left branch)
 h - a ring of protection from magic (right branch)
 o - an amulet of faith (around neck)
Wands
 j - a wand of random effects (35)
 k - a wand of polymorph (16)
Scrolls
 b - a scroll of enchant armour
 e - 2 scrolls of remove curse
Potions
 q - a potion of lignification
 s - 2 potions of ambrosia
Comestibles
 f - 2 rations


   Skills:
 + Level 6.2 Fighting
 + Level 5.3 Axes
 + Level 5.7 Armour
 + Level 4.9 Dodging
 - Level 2.6 Shields


You had 7 spell levels left.
You didn't know any spells.
Your spell library was empty.

Dungeon Overview and Level Annotations

Branches:
Dungeon (5/15)             Temple (1/1) D:4

Altars:
Ashenzari
Dithmenos
Elyvilon
Fedhas
Gozag
Hepliaklqana
Kikubaaqudgha
Makhleb
Qazlal
Ru
Trog
Uskayaw
Vehumet
Wu Jian
Xom
Yredelemnul
Zin
The Shining One

Shops:
D:4 (


Innate Abilities, Weirdness & Mutations

((You have a pair of small antennae on your head.))
You frequently emit foul miasma when damaged in melee.
((You are partially covered in sharp spines.))
You are immune to rotting.


Message History

You assume a fearsome visage.
The shadow imp is unaffected.
The six-headed hydra skeleton is unaffected.
You block the shadow imp's attack.
You turn into a tree.
Your +0 cloak melds into your body.
Your +0 plate armour melds into your body.
Your roots penetrate the ground.
The shadow imp hits you but does no damage.
The six-headed hydra skeleton bites you but does no damage. x3
You block the six-headed hydra skeleton's attack.
The six-headed hydra skeleton bites you.
* * * LOW HITPOINT WARNING * * *
The six-headed hydra skeleton bites you but does no damage.
You slash the shadow imp!
The shadow imp is almost dead.
You hack one of the six-headed hydra skeleton's heads off!
You slash the five-headed hydra skeleton!
The shadow imp hits you but does no damage.
The five-headed hydra skeleton barely misses you.
The five-headed hydra skeleton bites you!
You die...

#... #..# ... #.#
##.######
#.......#
#.......# .....
#....5♣.#
.....####.§.§Z..#
#.......#.######
#.............#
#.............#
#.............#
#...[.........#
#.............#
###..####.#####


You could see a shadow imp and a five-headed hydra skeleton.

Vanquished Creatures
  4 yaks
  A warg (D:4)
  A sky beast (D:3)
  2 ogres
  A wyvern skeleton (D:5)
  A troll skeleton (D:5)
  3 vampire bats (D:2)
  A crimson imp (D:5)
  3 hounds (D:4)
  2 bullfrog skeletons (D:3)
  2 orc priests (D:3)
  2 orc wizards
  Terence (D:2)
  An iguana (D:3)
  4 worker ants
  An ogre zombie (D:3)
  An ogre skeleton (D:5)
  A hound zombie (D:3)
  2 hound skeletons
  A worker ant zombie (D:3)
  Robin (D:2)
  6 adders
  An ooze (D:1)
  A worm zombie (D:3)
  An adder zombie (D:3)
  2 orc zombies (D:3)
  An iguana skeleton (D:5)
  A worm (D:3)
  A leopard gecko (D:2)
  7 orcs
  2 ball pythons (D:4)
  9 bats
  3 bat skeletons
  5 bat zombies
  2 giant cockroaches (D:1)
  8 goblins
  8 hobgoblins
  3 jackals (D:3)
  7 kobolds
  A quokka (D:3)
  A ball python zombie (D:3)
  4 frilled lizards
  A hobgoblin skeleton (D:4)
  A jackal skeleton (D:4)
  A leopard gecko zombie (D:3)
  A quokka skeleton (D:5)
  6 rats
  A rat skeleton (D:5)
121 creatures vanquished.

Vanquished Creatures (others)
  An orc priest (D:5)
1 creature vanquished.

Grand Total: 122 creatures vanquished

Notes
Turn   | Place    | Note
-------+----------+-------------------------------------------
     0 | D:1      | Lew the Demonspawn Fighter began the quest for the Orb.
     0 | D:1      | Reached XP level 1. HP: 18/18 MP: 1/1
   213 | D:1      | Gained mutation: You have a pair of small antennae on your head. [demonic ancestry]
   213 | D:1      | Reached XP level 2. HP: 17/24 MP: 2/2
   823 | D:2      | Noticed Terence
   826 | D:2      | Reached skill level 1 in Dodging
   834 | D:2      | Killed Terence
   834 | D:2      | Gained mutation: You are immune to rotting. [demonic ancestry]
   834 | D:2      | Reached XP level 3. HP: 29/29 MP: 3/3
  1452 | D:2      | Gained mutation: You are partially covered in sharp spines. [demonic ancestry]
  1452 | D:2      | Reached XP level 4. HP: 35/35 MP: 4/4
  1504 | D:2      | Noticed Robin
  1520 | D:2      | Killed Robin
  1717 | D:2      | Found an ancient bone altar of Kikubaaqudgha.
  1727 | D:2      | Gained mutation: You may emit foul miasma when damaged in melee. [demonic ancestry]
  1727 | D:2      | Reached XP level 5. HP: 40/42 MP: 5/5
  1733 | D:2      | Reached skill level 4 in Fighting
  1767 | D:2      | Became a worshipper of Kikubaaqudgha
  1768 | D:2      | Fell from the grace of Kikubaaqudgha
  2683 | D:3      | Noticed a sky beast
  2699 | D:3      | Killed a sky beast
  2699 | D:3      | Reached XP level 6. HP: 32/48 MP: 6/6
  3274 | D:3      | Found a shadowy altar of Dithmenos.
  3299 | D:3      | Became a worshipper of Dithmenos the Shadowed
  3358 | D:3      | Found a bloodstained altar of Trog.
  3794 | D:3      | Found a runed door.
  3799 | D:3      | Noticed Crazy Yiuf
  3802 | D:3      | Noticed Crazy Yiuf
  3802 | D:3      | Crazy Yiuf changed into Crazy Yiuf the iguana
  3807 | D:3      | Killed Crazy Yiuf the iguana
  4090 | D:3      | Reached XP level 7. HP: 17/55 MP: 7/7
  4464 | D:4      | Noticed Eustachio
  4475 | D:4      | Noticed Eustachio
  4475 | D:4      | Eustachio changed into Eustachio the warg
  4484 | D:4      | Killed Eustachio the warg
  4491 | D:4      | Found Fumalagam's Antique Weapon Boutique.
  4589 | D:4      | Reached skill level 5 in Fighting
  4850 | D:4      | Noticed a yak
  4850 | D:4      | Noticed a yak
  4851 | D:4      | Found a staircase to the Ecumenical Temple.
  4851 | D:4      | Noticed a yak
  4851 | D:4      | Noticed a yak
  5094 | D:4      | Killed a yak
  5391 | D:4      | Killed a yak
  5391 | D:4      | Reached skill level 5 in Armour
  5391 | D:4      | Gained mutation: You frequently emit foul miasma when damaged in melee. [demonic ancestry]
  5391 | D:4      | Reached XP level 8. HP: 25/63 MP: 8/8
  5650 | D:4      | Reached skill level 5 in Axes
  5866 | Temple   | Entered the Ecumenical Temple
  6071 | D:5      | Entered Level 5 of the Dungeon
  6077 | D:5      | Reached skill level 6 in Fighting
  6125 | D:5      | Reached * piety under Dithmenos
  6479 | D:5      | Slain by a five-headed hydra skeleton

Skill      XL: |  1  2  3  4  5  6  7  8 |
---------------+-------------------------+-----
Axes           | 2 3 4 5 |  5.3
Armour         | 3 4 5 |  5.7
Dodging        | 1 2 3 4 |  4.9
Fighting       | 4 5 6 |  6.2
Shields        | |  2.6

Action                   |  1- 3 |  4- 6 |  7- 9 || total
-------------------------+-------+-------+-------++-------
Melee: War axe           |    74 |   166 |   139 ||   379
       Unarmed           |     5 |       |       ||     5
Invok: Renounce Religion |       |     1 |       ||     1
Evoke: Wand              |       |     3 |     4 ||     7
  Use: Scroll            |       |     6 |     6 ||    12
       Potion            |       |     4 |     2 ||     6
 Stab: Confused          |     1 |       |       ||     1
  Eat: Ration            |     1 |     2 |     3 ||     6
Armor: Scale mail        |    39 |       |       ||    39
       Plate armour      |     2 |   109 |    84 ||   195
       Skin              |       |     1 |     6 ||     7
Dodge: Dodged            |    28 |    22 |    25 ||    75
Block: Shield            |    29 |    88 |    74 ||   191
